 Dungeon Crawl Stone Soup version 0.20.1-1-g8b1a95d (webtiles) character file.

63 Kingsmith the Shield-Bearer (level 4, 0/28 HPs)
             Began as a Gargoyle Fighter on Dec 8, 2017.
             Slain by Natasha (3 damage)
             ... on level 2 of the Dungeon.
             The game lasted 00:01:30 (1052 turns).

Kingsmith the Shield-Bearer (Gargoyle Fighter)      Turns: 1052, Time: 00:01:30

Health: 0/28       AC: 10    Str: 21    XL:     4   Next: 10%
Magic:  4/4        EV:  9    Int:  8    God:
Gold:   53         SH:  0    Dex:  9    Spells: 3/3 levels left

rFire    . . .     SeeInvis .   a - +0 long sword
rCold    . . .     Gourm    .   (no shield)
rNeg     + . .     Faith    .   b - +0 scale mail
rPois    ∞         Spirit   .   (no helmet)
rElec    +         Reflect  .   (no cloak)
rCorr    .         Harm     .   (no gloves)
MR       .....     Rnd*Tele +   (no boots)
Stlth    ..........             g - amulet of inaccuracy (curse)
Regen    0.1/turn               e - ring of teleportation (curse)
MPRegen  0.1/turn               (no ring)

@: slowed, very slow
A: negative energy resistance 1, electricity resistance, unbreathing,
petrification resistance, rot immunity, AC +3
a: no special abilities


You were on level 2 of the Dungeon.
You were not hungry.

You visited 1 branch of the dungeon, and saw 2 of its levels.

You collected 53 gold pieces.

Inventory:

Hand Weapons
 a - a +0 long sword (weapon)
Armour
 b - a +0 scale mail (worn)
 c - a +0 shield
Jewellery
 e - a cursed ring of teleportation (left hand)
 g - a cursed amulet of inaccuracy (around neck)
Scrolls
 h - a scroll of magic mapping
 l - a scroll of identify {unknown}
Potions
 d - a potion of might
 i - 3 potions of resistance {unknown}
Comestibles
 f - a bread ration
 j - 2 royal jellies
 k - a meat ration
 m - 6 chunks of flesh


   Skills:
 - Level 3.2 Fighting
 - Level 1.7 Long Blades
 - Level 3.2 Armour
 + Level 5.3 Shields


You had 3 spell levels left.
You didn't know any spells.

Dungeon Overview and Level Annotations

Branches:
Dungeon (2/15)

Altars:

Annotations:
D:2 Natasha


Innate Abilities, Weirdness & Mutations

You are resistant to torment.
Your stone body is resilient. (AC +3)
You are immune to poison.
You resist negative energy. (rN+)
You are resistant to electric shocks. (rElec)
You can survive without breathing.
You are immune to petrification.
You are immune to rotting.


Message History

The magic dart hits you! Natasha barely misses you.
You hit Natasha but do no damage.
Natasha is heavily wounded.
Natasha casts a spell at you. The magic dart hits you!
* * * LOW HITPOINT WARNING * * *
Natasha misses you.
You hit Natasha.
Natasha is severely wounded.
Natasha casts a spell at you. You resist with some effort. Natasha claws you.
* * * LOW HITPOINT WARNING * * *
You miss Natasha.
Natasha is severely wounded.
Natasha mumbles some strange words.
Natasha claws you but does no damage.
You closely miss Natasha.
Natasha is severely wounded.
Natasha claws you.
You die...

..###..##.## #.# ###
.......#.#.####.# ##.##
....#.#†###.....####...##
.......).#.#.###........##
......#.#)##.# #.........####
..........##.###.............
..#.....#.##.............####
.#..#......5.###........##
....#...#.##@# #.......##
.##.......##h###..#.#..#
###...####5##........######
#...# #.##.....###......
#.##.....# #......
...#.>...###......
...#.......÷......
...###.#####...... #.#
#......


You could see an iron imp, Natasha and a crimson imp.

Vanquished Creatures
  Natasha (D:2)
  3 dart slugs
  A leopard gecko (D:2)
  A giant cockroach (D:1)
  4 goblins (D:1)
  4 hobgoblins
  2 jackals (D:2)
  A quokka (D:2)
  5 bats (D:1)
  A frilled lizard (D:2)
  3 kobolds
  4 rats
30 creatures vanquished.

Notes
Turn   | Place    | Note
-------+----------+-------------------------------------------
     0 | D:1      | Kingsmith the Gargoyle Fighter began the quest for the Orb.
     0 | D:1      | Reached XP level 1. HP: 14/14 MP: 1/1
   132 | D:1      | Reached XP level 2. HP: 17/19 MP: 2/2
   199 | D:1      | Reached skill level 4 in Shields
   697 | D:1      | Reached XP level 3. HP: 23/23 MP: 3/3
   914 | D:2      | Noticed Natasha
   926 | D:2      | Killed Natasha
   926 | D:2      | Reached skill level 5 in Shields
   926 | D:2      | Reached XP level 4. HP: 22/28 MP: 4/4
  1044 | D:2      | Noticed Natasha
  1052 | D:2      | Slain by Natasha

Skill      XL: |  1  2  3 |
---------------+----------+-----
Shields        | 4 5 |  5.3
Fighting       | |  3.2
Long Blades    | |  1.7
Armour         | |  3.2

Action                   |  1- 3 |  4- 6 || total
-------------------------+-------+-------++-------
Melee: Long sword        |   191 |    19 ||   210
  Use: Scroll            |     1 |       ||     1
 Stab: Distracted        |     1 |       ||     1
  Eat: Chunk             |     1 |       ||     1
Armor: Scale mail        |   136 |    30 ||   166
Dodge: Dodged            |    70 |    27 ||    97
Block: Shield            |    98 |       ||    98
       Rpst.: Long sword |    22 |     6 ||    28
